 Dungeon Crawl Stone Soup version 0.19.1-1-g22dce08 (webtiles) character file.

4006 markt42 the Basher (level 10, -11/60 HPs)
             Began as a Gargoyle Monk on Jan 7, 2017.
             Was an Elder of Okawaru.
             Mangled by Grum
             ... wielding a -1 halberd
              (14 damage)
             ... on level 8 of the Dungeon.
             The game lasted 00:13:17 (11441 turns).

markt42 the Basher (Gargoyle Monk)                 Turns: 11441, Time: 00:13:18

Health: -11/60     AC: 24    Str: 18    XL:     10   Next: 23%
Magic:  10/10      EV:  9    Int: 13    God:    Okawaru [****..]
Gold:   519        SH:  0    Dex: 12    Spells: 0 memorised, 9 levels left

rFire  . . .     SeeInvis .     q - +1 morningstar
rCold  . . .     Gourm    .     t - +0 chain mail
rNeg   + . .     Faith    .     (no shield)
rPois  ∞         Spirit   .     d - +0 helmet
rElec  +         Reflect  .     x - +0 cloak
rCorr  .         Harm     .     l - +2 pair of gloves
MR     .....                    a - +0 pair of boots
Stlth  ..........               e - amulet of inaccuracy (curse)
                                (no ring)
                                (no ring)

@: no status effects
A: clever 1, mutation resistance 1, negative energy resistance 1, electricity
resistance, unbreathing, petrification resistance, rot immunity, subdued magic
1, AC +7
a: Heroism, Renounce Religion


You were on level 8 of the Dungeon.
You worshipped Okawaru.
Okawaru was greatly pleased with you.
You were not hungry.

You visited 2 branches of the dungeon, and saw 9 of its levels.

You collected 519 gold pieces.

Inventory:

Hand Weapons
 q - a +1 morningstar (weapon)
Armour
 a - a +0 pair of boots (worn)
 d - a +0 helmet (worn)
 l - a +2 pair of gloves (worn)
 t - a +0 chain mail (worn)
 x - a +0 cloak (worn)
Jewellery
 e - a cursed amulet of inaccuracy (around neck)
Wands
 y - a wand of acid (8/15)
Scrolls
 f - 3 scrolls of fog
 h - a scroll of holy word
 j - 8 scrolls of identify
 k - a scroll of enchant armour
 p - a scroll of teleportation
 s - a scroll of amnesia
 u - a scroll of enchant weapon
 z - a scroll of silence {unknown}
Potions
 b - a potion of degeneration {unknown}
 g - a potion of agility {unknown}
 i - a potion of haste {unknown}
 n - a potion of berserk rage {unknown}
 o - 3 potions of heal wounds {unknown}
 v - a potion of curing
 A - a potion of flight
Comestibles
 c - 7 bread rations
 m - 5 meat rations
 r - 10 fruits
 w - a beef jerky
 B - 6 chunks of flesh


   Skills:
 + Level 6.3 Fighting
 * Level 11.0 Maces & Flails
 * Level 6.9 Armour
 + Level 4.6 Dodging
 + Level 3.6 Stealth


You had 9 spell levels left.
You didn't know any spells.

Dungeon Overview and Level Annotations

Branches:
Dungeon (8/15)             Temple (1/1) D:5
   Lair: D:8-11

Altars:
Ashenzari
Cheibriados
Dithmenos
Elyvilon
Fedhas
Gozag
Hepliaklqana
Makhleb
Nemelex Xobeh
Okawaru
Qazlal
Ru
Sif Muna
Trog
Uskayaw
Vehumet
Xom
Yredelemnul
Zin
The Shining One

Shops:
D:5 =

Annotations:
D:8 Grum


Innate Abilities, Weirdness & Mutations

You are resistant to torment.
Your stone body is resilient. (AC +7)
You are immune to poison.
You resist negative energy. (rN+)
You are resistant to electric shocks. (rElec)
You can survive without breathing.
You are immune to petrification.
You are immune to rotting.
Your mind is acute. (Int +2)
You are somewhat resistant to further mutation.
Your spells are a little easier to cast, but a little less powerful.


Message History

* * * LOW HITPOINT WARNING * * *
The wolf barely misses you. The wolf bites you but does no damage.
The wolf closely misses you. x2; The wolf bites you but does no damage.
The wolf bites you but does no damage. x2
The wolf misses you.
Found a beef jerky.
You feel better. The wolf bites you.
* * * LOW HITPOINT WARNING * * *
You miss the wolf.
The wolf is moderately wounded.
The wolf bites you but does no damage. x2
You miss the wolf.
The wolf is moderately wounded.
The wolf bites you but does no damage. Grum hits you from afar with a halberd!
* * * LOW HITPOINT WARNING * * *
The wolf closely misses you.
You miss the wolf.
The wolf is moderately wounded.
The wolf bites you but does no damage. Grum hits you from afar with a halberd!
You die...

### ##
##<.. .
#%#..#....
##@...#
###h#.###
##hgh###
##<.h##
##..###
##...#
#...##
#...##
.......


You could see Grum and 4 wolves.

Vanquished Creatures
  Joseph (D:7)
  A troll (D:7)
  A hippogriff (D:7)
  Sigmund (D:4)
  The ghost of markt42 the Covered, an amateur GrFi (D:3)
  2 black bears
  2 phantoms (D:4)
  2 ice beasts
  A sky beast (D:6)
  An orc warrior (D:7)
  4 centaurs
  6 ogres
  A crocodile (D:6)
  Blork the orc (D:4)
  A bullfrog (D:7)
  2 scorpions
  2 crimson imps (D:5)
  A bullfrog zombie (D:6)
  3 orc priests
  Crazy Yiuf (D:7)
  A quasit (D:7)
  2 hounds (D:6)
  Jessica (D:2)
  Natasha (D:2)
  2 iguanas
  5 worker ants
  4 orc wizards
  A hound zombie (D:7)
  A worker ant zombie (D:6)
  Robin (D:3)
  17 adders
  21 gnolls
  3 worms
  3 dart slugs
  2 leopard geckos
  20 orcs
  8 giant cockroaches
  12 goblins
  15 hobgoblins
  8 jackals
  11 kobolds
  A quokka (D:3)
  2 ball pythons
  3 bats
  6 frilled lizards
  A jackal skeleton (D:5)
  2 leopard gecko skeletons
  A quokka skeleton (D:4)
  13 rats
203 creatures vanquished.

Notes
Turn   | Place    | Note
-------+----------+-------------------------------------------
     0 | D:1      | markt42 the Gargoyle Monk began the quest for the Orb.
     0 | D:1      | Reached XP level 1. HP: 14/14 MP: 1/1
   234 | D:1      | Reached XP level 2. HP: 16/19 MP: 2/2
   670 | D:2      | Reached XP level 3. HP: 15/23 MP: 3/3
  1014 | D:2      | Found a shimmering altar of Xom.
  1014 | D:2      | Noticed an angel
  1017 | D:2      | Found a glowing silver altar of Zin.
  1134 | D:2      | Reached skill level 4 in Maces & Flails
  1134 | D:2      | Reached XP level 4. HP: 22/28 MP: 4/4
  1744 | D:3      | Noticed Jessica
  1747 | D:3      | Noticed Robin
  1760 | D:2      | Reached skill level 1 in Armour
  1760 | D:2      | Reached XP level 5. HP: 8/33 MP: 5/5
  1969 | D:3      | Noticed markt42's ghost (amateur GrFi)
  2003 | D:2      | Gained mutation: Your mind is acute. (Int +2) [potion of mutation]
  2003 | D:2      | Gained mutation: Your spells are a little easier to cast, but a little less powerful. [potion of mutation]
  2003 | D:2      | Gained mutation: You are somewhat resistant to further mutation. [potion of mutation]
  2013 | D:2      | HP: 1/33 [orc/flail (7)]
  2645 | D:2      | Killed Jessica
  3133 | D:3      | Killed Robin
  3572 | D:2      | Reached skill level 5 in Maces & Flails
  3934 | D:2      | Reached XP level 6. HP: 38/38 MP: 6/6
  4142 | D:3      | Found a radiant altar of Vehumet.
  4163 | D:3      | Noticed Natasha
  4419 | D:2      | Killed Natasha
  4428 | D:2      | HP: 1/38 [orc wizard/magic dart (8)]
  5030 | D:2      | Lost mutation: Your spells are a little easier to cast, but a little less powerful. [potion of mutation]
  5030 | D:2      | Gained mutation: Your spells are a little easier to cast, but a little less powerful. [potion of mutation]
  5616 | D:3      | Killed markt42's ghost
  5616 | D:3      | Reached XP level 7. HP: 6/43 MP: 7/7
  6270 | D:3      | Reached skill level 6 in Maces & Flails
  6433 | D:4      | Found a blossoming altar of Fedhas.
  6433 | D:4      | Found a glowing golden altar of the Shining One.
  7133 | D:4      | Noticed Sigmund
  7145 | D:4      | Killed Sigmund
  7145 | D:4      | Reached XP level 8. HP: 42/48 MP: 8/8
  7178 | D:4      | Noticed Blork the orc
  7211 | D:4      | Killed Blork the orc
  7211 | D:4      | Reached skill level 7 in Maces & Flails
  7880 | D:5      | Entered Level 5 of the Dungeon
  8170 | D:5      | Found a staircase to the Ecumenical Temple.
  8352 | Temple   | Entered the Ecumenical Temple
  8410 | Temple   | Became a worshipper of Warmaster Okawaru
  8410 | Temple   | Reached * piety under Okawaru
  8410 | Temple   | Reached ** piety under Okawaru
  8429 | D:5      | Found Ziggip's Jewellery Shop.
  8497 | D:5      | Reached skill level 8 in Maces & Flails
  8530 | D:5      | Reached skill level 5 in Fighting
  8741 | D:5      | Reached XP level 9. HP: 43/54 MP: 9/9
  9282 | D:6      | Reached skill level 9 in Maces & Flails
  9364 | D:6      | Reached skill level 5 in Armour
  9559 | D:6      | Reached *** piety under Okawaru
  9878 | D:7      | Noticed a troll
  9893 | D:7      | Killed a troll
 10165 | D:7      | Reached skill level 10 in Maces & Flails
 10506 | D:7      | Found a runed door.
 10554 | D:7      | Noticed Crazy Yiuf
 10560 | D:7      | Killed Crazy Yiuf
 10624 | D:7      | Found a basalt altar of Yredelemnul.
 10661 | D:7      | Reached XP level 10. HP: 21/60 MP: 10/10
 11044 | D:7      | Noticed Joseph
 11061 | D:7      | Killed Joseph
 11061 | D:7      | Reached **** piety under Okawaru
 11318 | D:7      | Reached skill level 11 in Maces & Flails
 11416 | D:8      | Noticed Grum
 11440 | D:8      | HP: 3/60 [Grum/halberd (10)]
 11441 | D:8      | Mangled by Grum

Skill      XL: |  1  2  3  4  5  6  7  8  9 10 |
---------------+-------------------------------+-----
Maces & Flails | 4 5 6 8 10 11 | 11.0
Armour         | 1 2 3 4 6 |  6.9
Dodging        | 3 4 |  4.6
Stealth        | 3 |  3.6
Fighting       | 4 5 6 |  6.3

Action                   |  1- 3 |  4- 6 |  7- 9 | 10-12 || total
-------------------------+-------+-------+-------+-------++-------
Melee: Mace              |    95 |   355 |   249 |       ||   699
       Morningstar       |       |       |   394 |    73 ||   467
  Use: Potion            |       |     9 |     1 |     1 ||    11
       Scroll            |       |     7 |     6 |       ||    13
 Stab: Sleeping          |     2 |     4 |     4 |       ||    10
       Distracted        |     1 |       |       |       ||     1
  Eat: Chunk             |       |    14 |    16 |     3 ||    33
       Pizza             |       |     1 |       |       ||     1
       Fruit             |       |       |     1 |       ||     1
Armor: Robe              |    28 |   146 |    94 |       ||   268
       Skin              |       |    28 |       |       ||    28
       Chain mail        |       |       |   308 |    95 ||   403
Dodge: Dodged            |    60 |   299 |   406 |    65 ||   830
